 Dungeon Crawl Stone Soup version 0.29.1-2-gbd0b4ee654 (webtiles) character file.

Game seed: 11406290185724076577

760 GeoRichter the Gusty (level 7, -7/41 HPs)
             Began as an Octopode Air Elementalist on Nov 17, 2022.
             Was an Initiate of Cheibriados.
             Killed from afar by Blork the orc (8 damage)
             ... with a magic dart
             ... on level 4 of the Dungeon.
             The game lasted 00:11:41 (5897 turns).

GeoRichter the Gusty (Octopode Air Elementalist)    Turns: 5897, Time: 00:11:42

Health: -7/41      AC:  1    Str:  9    XL:     7   Next: 80%
Magic:  7/13       EV: 13    Int: 20    God:    Cheibriados [......]
Gold:   203        SH:  0    Dex: 13    Spells: 7/14 levels left

rFire   . . .      SeeInvis .   m - +3 long sword
rCold   . . .      Faith    .   (no shield)
rNeg    . . .      Spirit   .   (helmet restricted)
rPois   .          Reflect  .   (no amulet)
rElec   .          Harm     .   (no ring)
rCorr   .          Rampage  .   (no ring)
Will    .....                   (no ring)
Stlth   +++.......              (no ring)
HPRegen 0.13/turn               (no ring)
MPRegen 0.13/turn               (no ring)
                                (no ring)
                                (no ring)

@: very slow
A: almost no armour, amphibious, 8 rings, camouflage 1, gelatinous body 1,
(nimble swimmer 1), tentacles
a: Renounce Religion


You were on level 4 of the Dungeon.
You worshipped Cheibriados.
Cheibriados was noncommittal.
You visited 1 branch of the dungeon, and saw 6 of its levels.

You collected 239 gold pieces.
You spent 36 gold pieces at shops.

Inventory:

Hand Weapons
 m - a +3 long sword (weapon)
   (You took it off a wight on level 6 of the Dungeon)
Magical Staves
 j - a staff of death
   (You found it on level 2 of the Dungeon)
Wands
 d - a wand of roots (3)
   (You took it off Ijyb on level 3 of the Dungeon)
Scrolls
 b - 3 scrolls of fog
 g - 4 scrolls of enchant weapon
 i - 3 scrolls of blinking
 k - 4 scrolls of teleportation {@r4}
 o - a scroll of noise {!r}
Potions
 a - a potion of magic
 c - a potion of degeneration {unknown}
 e - a potion of brilliance {unknown}
 f - 3 potions of curing {@q1}
 h - a potion of attraction {unknown}
 l - 2 potions of heal wounds {@q2}
 n - a potion of haste {unknown}


   Skills:
 - Level 2.0 Dodging
 - Level 2.6 Stealth
 + Level 4.2 Spellcasting
 - Level 4.1 Conjurations
 * Level 6.6 Air Magic


You had 7 spell levels left.
You knew the following spells:

 Your Spells              Type           Power      Damage    Failure   Level
a - Shock                 Conj/Air       100%       1d9       1%          1
b - Static Discharge      Conj/Air       25%        3-7/arc   1%          2
c - Airstrike             Air            15%        2d(3-19)  9%          4

Your spell library contained the following spells:

 Spells                   Type           Power      Damage    Failure   Level
 Swiftness                Air            30%        N/A       2%          3
 Tukima's Dance           Hex            4%         N/A       36%         3
 Passage of Golubria      Tloc           4%         N/A       77%         4
 Yara's Violent Unravell  Hex/Tmut       2%         3d3       98%         5


Dungeon Overview and Level Annotations

Branches:
Dungeon (6/15) Zot: 39155
 Temple: D:4-7

Altars:
Cheibriados
Trog

Shops:
D:3 *

Annotations:
D:3 1 runed translucent door, Crazy Yiuf, Grinder
D:4 Blork the orc


Innate Abilities, Weirdness & Mutations

You cannot wear most types of armour.
You are amphibious.
You can wear up to eight rings at the same time.
Your skin changes colour to match your surroundings (Stealth+).
Your rubbery body absorbs attacks. (AC +1, EV +1)
((You are camouflaged when in or above water. (Stealth+)))
You have tentacles for arms and can constrict up to eight enemies at once.


Message History

You now have 203 gold pieces (gained 12).
Found two stone staircases leading down.
Found 5 gold pieces.
There is a stone staircase leading down here.
Blork the orc comes into view.
He is wielding a +0 flail.
Found a scroll of blinking.
The zap hits Blork the orc.
Blork the orc shouts!
Blork the orc gestures at you while chanting.
The magic dart hits you!
There is a stone staircase leading down here.
You start resting.
There is a stone staircase leading up here.
Found 5 stones.
Blork the orc is nearby!
Okay, then.
The zap hits Blork the orc.
Blork the orc shouts!
Okay, then.
An orc comes into view. It is wielding a +0 dagger.
The orc shouts!
An orc comes into view. It is wielding a +0 short sword.
Blork the orc mumbles some strange words.
Blork the orc seems to speed up.
Blork the orc points at you and mumbles some strange words.
The magic dart hits you. Blork the orc attacks as you move away!
Blork the orc hits you with a +0 flail!
Blork the orc points at you and mumbles some strange words.
The puff of flame hits you!
* * * LOW HITPOINT WARNING * * *
Blork the orc is struck by an arc of lightning.
You are struck by an arc of lightning.
* * * LOW HITPOINT WARNING * * *
The lightning grounds out.
Blork the orc hits you with a +0 flail!
* * * LOW HITPOINT WARNING * * *
Blork the orc is struck by an arc of lightning.
You are struck by an arc of lightning.
* * * LOW HITPOINT WARNING * * *
The lightning grounds out.
Blork the orc barely misses you. x2
Unknown command.
Blork the orc is struck by an arc of lightning!
You are struck by an arc of lightning.
* * * LOW HITPOINT WARNING * * *
The lightning grounds out.
Blork the orc misses you.
Unknown command.
Blink to where?
As you read the scroll of blinking, it crumbles to dust.
Blork the orc points at you and mumbles some strange words.
The magic dart hits you!
You die...

###.......##.## .#..
#.....>...##.# #.#.. ...
...........##.# #.#.#.....
....#########.#
#.#.#....... ### #.#
...#......... ##.#
#..#..#......
#####..######............
#......#...§o.........#..
##.......@####............
#...........o...........#.
.........##................
......................$....
###......#..###.#........#.
#......#.###.>...........
#......#.###.#.#........#
#......#.##....#....o?..#
########........>.o....(#


You could see Blork the orc (fast) and an orc.

Vanquished Creatures
  A water moccasin (D:5)
  A kobold brigand (D:5)
  A necrophage (D:5)
  A scorpion (D:5)
  A wight (D:6)
  2 jellies (D:5)
  4 hounds (D:5)
  Ijyb (D:3)
  Jessica (D:3)
  7 gnolls
  3 adders (D:3)
  2 dart slugs (D:1)
  3 orcs (D:5)
  6 ball pythons
  3 endoplasms
  6 giant cockroaches
  6 goblins
  6 hobgoblins
  7 quokkas
  5 bats
  7 frilled lizards
  16 kobolds
  8 rats
98 creatures vanquished.

Vanquished Creatures (others)
  A plant (D:6)
1 creature vanquished.

Grand Total: 99 creatures vanquished

Notes
Turn   | Place    | Note
-------+----------+-------------------------------------------
     0 | D:1      | GeoRichter the Octopode Air Elementalist began the quest
                  | for the Orb.
     0 | D:1      | Reached XP level 1. HP: 11/11 MP: 3/3
   108 | D:1      | Reached XP level 2. HP: 14/17 MP: 0/5
   683 | D:1      | Reached XP level 3. HP: 18/21 MP: 0/6
  1223 | D:1      | Found a faded altar of an unknown god.
  1526 | D:1      | Learned a level 2 spell: Static Discharge
  2004 | D:2      | Reached skill level 4 in Air Magic
  2004 | D:2      | Reached XP level 4. HP: 16/27 MP: 0/7
  2375 | D:2      | Found a bloodstained altar of Trog.
  2959 | D:2      | Learned a level 4 spell: Airstrike
  2999 | D:3      | Found Motiyby's General Store.
  3036 | D:3      | Bought a scroll of teleportation for 36 gold pieces
  3185 | D:3      | Noticed Grinder
  3228 | D:3      | Noticed Ijyb
  3361 | D:3      | You fall into a shaft and drop 3 floors!
  3416 | D:5      | Entered Level 5 of the Dungeon
  3423 | D:5      | Reached XP level 5. HP: 29/31 MP: 7/9
  3580 | D:5      | Noticed a kobold brigand
  3653 | D:5      | Killed a kobold brigand
  3654 | D:5      | Reached skill level 5 in Air Magic
  3654 | D:5      | Reached XP level 6. HP: 17/36 MP: 1/10
  3829 | D:5      | Found a snail-covered altar of Cheibriados.
  3842 | D:5      | Noticed a water moccasin
  4161 | D:5      | Killed a water moccasin
  4162 | D:5      | Reached XP level 7. HP: 30/41 MP: 3/12
  4405 | D:5      | Reached skill level 6 in Air Magic
  4642 | D:5      | Became a worshipper of Cheibriados the Contemplative
  4793 | D:3      | Noticed Jessica
  4796 | D:3      | Killed Jessica
  4995 | D:3      | Found a runed translucent door.
  4996 | D:3      | Noticed Crazy Yiuf
  5476 | D:3      | Killed Ijyb
  5814 | D:4      | Noticed Blork the orc
  5896 | D:4      | HP: 1/41 [/static electricity (3)]
  5897 | D:4      | Killed from afar by Blork the orc

Illustrated notes

Levels and vault maps discovered:
D:1:      enne_arrival_octagon_isle, layout_basic,
          hellmonk_ecumenical_altar_defaced_shrine
D:2:      layout_loops_ring, basic_altar
D:3:      layout_basic, serial_shops, shop_fountains, uniq_crazy_yiuf_cottage,
          uniq_ijyb, uniq_grinder, uniq_jessica
D:4:      layout_rooms, nicolae_elyvilon_peaceful_grove,
          minmay_temple_entry_gardened_gates, chequers_decorated_corner,
          minivault_25, uniq_blork_the_orc
D:5:      wander_river, layout_basic, cheibriados_altar_1,
          okawaru_metal_pillars_1_2
D:6:      corexii_shantytown, layout_basic, grunt_temple_overflow_holy_war,
          gammafunk_ghost_cemetery, grunt_potential

Skill      XL: |  1  2  3  4  5  6  7 |
---------------+----------------------+-----
Air Magic      | 4 5 6 |  6.6
Conjurations   | 2 3 4 |  4.1
Spellcasting   | 3 4 |  4.2
Dodging        | |  2.0
Stealth        | |  2.6

Action                   |  1- 3 |  4- 6 |  7- 9 || total
-------------------------+-------+-------+-------++-------
Melee: Unarmed           |    25 |     2 |       ||    27
       Constrict         |     7 |     1 |       ||     8
       Tentacles         |     4 |       |       ||     4
       Punch             |     1 |       |       ||     1
       Long sword        |       |     1 |     2 ||     3
 Cast: Shock             |    77 |    73 |    48 ||   198
       Static Discharge  |     4 |    12 |    16 ||    32
  Use: Scroll            |       |     3 |     4 ||     7
 Stab: Sleeping          |     2 |       |       ||     2
Armor: Skin              |     6 |     1 |       ||     7
Dodge: Dodged            |    30 |    13 |    10 ||    53
